Map: Dusk Towers

Players

ShrOMe - Winner!

  • Race: Terran Terran
  • League: Diamond

LilDicky

  • Race: Terran Terran
  • League: Platinum

VOD

http://www.twitch.tv/tumescentpie

Description

Time

  • Played on: Nov. 21, 2015, 6:19 p.m.
  • Length: 11:50
Show
View Real Time Build Order
Export as new Build Order

ShrOMe Terran - Winner!

Build Orders: Bio Tank 

Get SALT Encoding   

  12  0:00  SCV  
  13  0:13  SCV  
  14  0:18  Supply Depot  
  14  0:27  SCV  
  15  0:39  SCV  
  15  0:42  Refinery  
  16  0:46  Barracks  
  16  0:54  SCV  
  17  1:06  SCV  
  18  1:18  SCV  
  19  1:33  Orbital Command  
  19  1:34  Marine  
  20  1:45  Factory  
  20  1:59  SCV  
  21  2:10  Barracks Reactor  
  21  2:11  SCV  
  21  2:15  Command Center  
  22  2:16  Supply Depot  
  22  2:23  SCV  
  23  2:32  Supply Depot  
  23  2:38  SCV  
  24  2:50  Hellion  
  28  2:51  Hellion  
  28  2:55  SCV  
  29  3:07  SCV  
  29  3:12  Hellion  
  32  3:14  Command Center, Hellion  
  32  3:19  SCV  
  35  3:25  Refinery  
  35  3:28  Supply Depot  
  35  3:36  Orbital Command  
  35  3:40  Widow Mine  
  37  3:44  Widow Mine  
  39  3:49  SCV  
  40  4:01  SCV  
  41  4:08  Marine  
  42  4:13  SCV  
  39  4:19  SCV  
  40  4:25  SCV, Widow Mine x2  
  40  4:30  Orbital Command  
  46  4:31  SCV  
  46  4:36  Barracks Tech Lab  
  46  4:38  SCV  
  47  4:41  Barracks  
  47  4:42  Barracks  
  47  4:43  SCV  
  48  4:50  SCV  
  49  4:55  SCV  
  50  5:00  Engineering Bay  
  50  5:02  SCV, Stimpack  
  50  5:03  SCV, Starport  
  52  5:07  SCV  
  54  5:14  SCV  
  54  5:15  SCV  
  54  5:20  SCV  
  56  5:26  SCV  
  56  5:27  SCV  
  58  5:29  Barracks Reactor x2  
  58  5:32  SCV  
  59  5:38  SCV  
  59  5:39  SCV  
  61  5:42  Barracks  
  61  5:44  SCV, Barracks, Starport Reactor  
  61  5:45  Supply Depot, Barracks  
  61  5:47  Barracks  
  62  5:50  SCV  
  62  5:51  SCV  
  62  5:56  SCV  
  63  5:59  Missile Turret  
  63  6:00  Missile Turret  
  63  6:01  Factory Tech Lab  
  63  6:02  SCV, Missile Turret  
  63  6:03  SCV, Marine  
  66  6:07  Marine x4  
  66  6:08  SCV  
  70  6:11  Missile Turret  
  70  6:14  SCV  
  70  6:16  Missile Turret  
  69  6:21  Marine  
  69  6:25  Marine x2  
  68  6:26  Marine x2  
  68  6:29  SCV x3  
  70  6:39  Marine  
  71  6:41  SCV  
  71  6:43  Marine x3  
  71  6:44  Marine  
  76  6:47  SCV x2  
  76  6:53  SCV  
  79  6:57  Supply Depot, Marine  
  79  6:59  SCV x2, Medivac, Supply Depot  
  79  7:00  Marine  
  85  7:03  Barracks Reactor x4, Supply Depot  
  85  7:10  Supply Depot  
  85  7:12  Supply Depot x2  
  85  7:14  Refinery  
  85  7:15  Refinery  
  85  7:18  Marine x2  
  85  7:19  SCV x3, Medivac  
  85  7:21  Refinery  
  92  7:23  Supply Depot, Refinery  
  92  7:31  SCV x3  
  92  7:36  Marauder, Marine x4  
  101  7:41  Siege Tank  
  101  7:43  Medivac  
  101  7:44  Combat Shields  
  106  7:54  Marine x4  
  106  7:57  Marauder  
  112  8:01  Supply Depot, Medivac  
  112  8:02  Supply Depot x2  
  112  8:05  Marine x8  
  115  8:11  Marine  
  115  8:12  Marine x3  
  126  8:13  Siege Tank  
  126  8:18  Marine  
  130  8:20  Supply Depot  
  130  8:21  Supply Depot x3  
  130  8:23  Supply Depot, Marine x2  
  132  8:30  Medivac  
  132  8:33  Medivac  
  132  8:34  Marine x5  
  136  8:36  Factory  
  136  8:37  Factory  
  141  8:44  Terran Infantry Weapons Level 1  
  141  8:49  Engineering Bay, Marine x8  
  141  8:52  Armory  
  141  8:53  Siege Tank  
  152  9:03  Medivac  
  152  9:05  Viking  
  152  9:06  Marine x3  
  152  9:07  Marine x7  
  164  9:23  Marauder  
  166  9:25  Siege Tank  
  166  9:27  Factory Tech Lab x2  
  166  9:30  Marine x12  
  179  9:44  Marauder  
  173  9:48  Marine x4  
  139  10:04  Marine x7  
  139  10:06  Marauder  
  135  10:18  Siege Tank x3  
  135  10:19  Marine x5  
  143  10:22  Marine x7  
  143  10:27  Marauder  
  137  10:37  Marine x5  
  137  10:40  Marine x7  
  148  10:42  Medivac  
  148  10:43  Medivac  
  148  10:48  Marauder  
  154  10:50  Siege Tank  
  154  10:55  Marine x2  
  159  10:58  Command Center  
  159  11:02  Siege Tank x2  
  165  11:10  Marauder  
  167  11:12  Medivac  
Show
View Real Time Build Order
Export as new Build Order

LilDicky Terran 

Build Orders: Command Center First (CC), Mech 

Get SALT Encoding   

  12  0:01  SCV  
  13  0:13  SCV  
  14  0:18  Supply Depot  
  14  0:26  SCV  
  15  0:39  SCV  
  16  0:51  SCV  
  17  1:03  SCV  
  18  1:06  Command Center  
  18  1:14  Barracks  
  18  1:17  SCV  
  19  1:29  SCV  
  20  1:41  SCV  
  20  1:43  Refinery  
  21  1:48  Refinery  
  21  1:53  SCV  
  22  2:00  Marine  
  23  2:04  Supply Depot  
  23  2:07  Orbital Command  
  23  2:18  Orbital Command  
  23  2:20  Marine  
  24  2:29  Supply Depot  
  24  2:33  SCV  
  24  2:35  Factory  
  25  2:38  Marine  
  26  2:45  SCV  
  27  2:56  Marine  
  28  3:01  Engineering Bay  
  28  3:02  SCV x2  
  30  3:14  SCV x2  
  30  3:19  Widow Mine  
  34  3:20  Starport  
  34  3:26  SCV, Marine  
  36  3:34  SCV  
  37  3:43  Marine  
  37  3:48  Factory Tech Lab  
  38  3:56  SCV  
  38  4:00  Supply Depot  
  38  4:02  Missile Turret  
  37  4:19  Marine  
  37  4:20  Hellion  
  37  4:21  Banshee, Cloaking Field  
  37  4:22  SCV  
  44  4:27  SCV  
  45  4:33  Missile Turret  
  45  4:34  SCV  
  45  4:37  Command Center, Marine  
  47  4:40  SCV  
  47  4:42  Factory Tech Lab  
  48  4:46  SCV  
  48  4:52  SCV  
  50  4:54  Marine  
  50  4:58  SCV  
  52  5:03  Banshee  
  52  5:04  SCV, Siege Tank  
  59  5:11  SCV  
  59  5:12  Marine  
  59  5:14  Refinery x2  
  59  5:16  SCV  
  60  5:22  Supply Depot, Missile Turret  
  60  5:23  SCV, Supply Depot  
  61  5:35  SCV  
  62  5:48  Armory, Factory  
  62  5:50  Armory, Factory  
  62  6:10  Missile Turret  
  62  6:16  SCV  
  60  6:34  Siege Tank  
  60  6:35  Orbital Command  
  60  6:39  Factory Tech Lab  
  60  6:40  Factory Tech Lab  
  60  6:41  Factory Reactor  
  60  6:42  Banshee  
  60  6:44  Command Center  
  63  6:51  SCV x2  
  65  7:01  Refinery  
  65  7:03  Missile Turret  
  65  7:06  Refinery  
  65  7:07  Terran Vehicle And Ship Armor Level 1, SCV x2, Missile Turret, Terran Ship Weapons Level 1  
  67  7:11  Siege Tank x2  
  67  7:12  SCV  
  74  7:19  SCV  
  74  7:20  SCV  
  76  7:23  Starport  
  76  7:24  SCV  
  76  7:26  Starport  
  76  7:29  Armory, Hi-Sec Auto Tracking  
  77  7:31  SCV  
  77  7:37  SCV  
  79  7:38  Banshee  
  79  7:43  Hellion x2, Siege Tank  
  89  7:50  Missile Turret  
  89  7:52  SCV x3  
  92  8:01  Supply Depot  
  92  8:04  SCV x2  
  95  8:06  Orbital Command  
  95  8:07  Missile Turret  
  95  8:09  SCV  
  95  8:12  Command Center  
  95  8:13  Missile Turret  
  95  8:14  Missile Turret  
  95  8:15  Missile Turret  
  95  8:16  Missile Turret  
  95  8:24  Starport Tech Lab  
  95  8:25  Starport Reactor  
  95  8:27  Banshee  
  95  8:31  Corvid Reactor  
  95  8:33  SCV x4  
  102  8:52  SCV x2  
  103  8:57  Raven  
  103  8:58  SCV  
  103  8:59  Missile Turret  
  106  9:09  SCV x2, Missile Turret  
  108  9:12  Missile Turret  
  108  9:16  Missile Turret  
  108  9:17  Banshee  
  108  9:18  Command Center  
  108  9:19  Command Center, Missile Turret  
  108  9:20  Thor x2  
  123  9:24  Hellbat  
  123  9:25  Supply Depot  
  125  9:35  SCV  
  125  9:37  Terran Vehicle Weapons Level 1  
  125  9:38  Command Center  
  126  9:40  Banshee  
  105  10:04  Hellion x2, Siege Tank  
  105  10:05  Hellion  
  94  10:26  Hellion x2, Siege Tank  
  88  10:37  Siege Tank  
  91  10:46  SCV x2  
  91  10:47  Hellion  
  91  10:48  Banshee, Hellion  
  100  10:58  Siege Tank  
  103  11:08  Hellion  
  103  11:09  Siege Tank  
Tags
 
Add a new tag
Caveats
  • Supply blocks, unpowered buildings, or Contaminate may cause inaccurate times.
  • Supply counts are checked every 10 seconds.